 Dungeon Crawl Stone Soup version 0.30-a0-4-ga7cffc901d (webtiles) character file.

Game seed: 8148645026495352032

834 Setbun the Slicer (level 8, -2/44 HPs)
             Began as a Kobold Brigand on Aug 20, 2022.
             Slain by an orc warrior
             ... wielding a +0 glaive
              (20 damage)
             ... on level 3 of the Dungeon.
             The game lasted 00:04:09 (5201 turns).

Setbun the Slicer (Kobold Brigand)                  Turns: 5201, Time: 00:04:10

Health: -2/44      AC:  6    Str:  9    XL:     8   Next: 18%
Magic:  8/8        EV: 14    Int: 12    God:
Gold:   155        SH:  0    Dex: 24    Spells: 7/7 levels left

rFire   . . .      SeeInvis .    a - +2 dagger
rCold   . . .      Faith    .    (no shield)
rNeg    . . .      Spirit   .    b - +0 robe
rPois   +          Reflect  .    p - +0 helmet
rElec   .          Harm     .    c - +0 cloak
rCorr   .          Rampage  .    f - +0 pair of gloves
Will    .....                    w - +0 pair of boots
Stlth   +++++.....               (no amulet)
HPRegen 0.14/turn                t - ring of poison resistance
MPRegen 0.11/turn                x - +6 ring of dexterity

@: no status effects
A: small, no large weapons, nightstalker 3
a: no special abilities


You were on level 3 of the Dungeon.
You visited 1 branch of the dungeon, and saw 4 of its levels.

You collected 155 gold pieces.

Inventory:

Hand Weapons
 a - a +2 dagger (weapon)
Missiles
 d - 17 poisoned darts (quivered)
 e - 3 curare-tipped darts
 q - 2 throwing nets
 r - 3 atropa-tipped darts
Armour
 b - a +0 robe (worn)
 c - a +0 cloak (worn)
 f - a +0 pair of gloves (worn)
 p - a +0 helmet (worn)
 w - a +0 pair of boots (worn)
Jewellery
 t - a ring of poison resistance (left hand)
 x - a +6 ring of dexterity (right hand)
Scrolls
 g - a scroll of teleportation {unknown}
 h - 2 scrolls of identify {unknown}
 k - a scroll of summoning {unknown}
 m - 2 scrolls of fear {unknown}
 n - a scroll of amnesia {unknown}
 o - a scroll of noise {unknown}
 u - a scroll of poison {unknown}
Potions
 i - 3 potions of degeneration {unknown}
 j - 2 potions of haste {unknown}
 l - 3 potions of curing {unknown}
 s - a potion of lignification {unknown}
 v - a potion of heal wounds {unknown}


   Skills:
 - Level 2.1 Fighting
 + Level 11.6 Short Blades
 - Level 2.1 Throwing
 - Level 1.2 Dodging
 - Level 5.3 Stealth


You had 7 spell levels left.
You didn't know any spells.
Your spell library contained the following spells:

 Spells                   Type           Power      Damage    Failure   Level
 Apportation              Tloc           0%         N/A       32%         1
 Alistair's Intoxication  Tmut/Pois      0%         N/A       100%        5


Dungeon Overview and Level Annotations

Branches:
Dungeon (4/15)
 Temple: D:4-7

Altars:
Ashenzari
Elyvilon
Qazlal


Innate Abilities, Weirdness & Mutations

You are small and have problems with some larger weapons.
You are completely attuned to the shadows.


Message History

You are too injured to fight recklessly!
You are too injured to fight recklessly!
You are too injured to fight recklessly!
You are too injured to fight recklessly!
You are too injured to fight recklessly!
You hit the orc warrior but do no damage.
You hit the orc warrior but do no damage.
The orc warrior misses you.
You hit the orc warrior.
The orc warrior is lightly wounded.
You hit the orc warrior but do no damage.
The orc warrior is lightly wounded.
The orc warrior misses you.
You hit the orc warrior.
The orc warrior is moderately wounded.
You barely miss the orc warrior.
The orc warrior is moderately wounded.
The orc warrior hits you with a +0 glaive.
You completely miss the orc warrior.
The orc warrior is moderately wounded.
You puncture the orc warrior!
The orc warrior is heavily wounded.
The orc warrior barely misses you.
You hit the orc warrior but do no damage.
The orc warrior is heavily wounded.
You closely miss the orc warrior.
The orc warrior is heavily wounded.
The orc warrior closely misses you.
You hit the orc warrior but do no damage.
The orc warrior is heavily wounded.
You hit the orc warrior.
You punch the orc warrior, but do no damage.
The orc warrior is heavily wounded.
The orc warrior hits you with a +0 glaive.
You barely miss the orc warrior.
The orc warrior is heavily wounded.
You hit the orc warrior.
The orc warrior is severely wounded.
The orc warrior hits you with a +0 glaive!!
You die...

....#
#.........##########.##..#.
#####
###...##..##....†....#...##
#.#..#..##.#########.#...
#.#.....##.###### #.####
#.#.#...##.#....####.####
#.#.###..#.#(##.#....#...
#(#.# #..#...##.#.####.##
#.#.# ##.######.#.#..#.##
#.#.# #@o.# #.#.#..#...
#.#.####.#.# #.#.#..####
#.#......#.####.#.#.....)
#.######.#.#....#.##.####
#.# #.#.#.####....# ###.#
#.#.#.# ###### #...#
#.#...# #.########.#####
#....#.....#


You could see an orc warrior.

Vanquished Creatures
  A sky beast (D:4)
  4 black bears (D:4)
  An ogre (D:4)
  A scorpion (D:4)
  2 hounds (D:4)
  2 iguanas (D:4)
  Robin (D:2)
  An adder (D:2)
  An ufetubus (D:4)
  4 dart slugs
  2 worms
  6 orcs
  6 ball pythons
  10 endoplasms
  A giant cockroach (D:4)
  13 goblins
  9 hobgoblins
  2 jackals (D:1)
  4 quokkas
  3 bats
  7 kobolds
  8 rats
89 creatures vanquished.

Notes
Turn   | Place    | Note
-------+----------+-------------------------------------------
     0 | D:1      | Setbun the Kobold Brigand began the quest for the Orb.
     0 | D:1      | Reached XP level 1. HP: 12/12 MP: 1/1
    20 | D:1      | Reached skill level 3 in Short Blades
   138 | D:1      | Reached XP level 2. HP: 17/17 MP: 2/2
   184 | D:1      | Reached skill level 4 in Short Blades
   729 | D:1      | Reached XP level 3. HP: 21/21 MP: 3/3
  1221 | D:2      | Reached skill level 5 in Short Blades
  1288 | D:2      | Identified the +8 whip "Mauh" {vorpal, rCorr Str-4 Int+5}
  1804 | D:2      | Reached XP level 4. HP: 26/26 MP: 4/4
  1859 | D:3      | Noticed Robin
  1898 | D:2      | Killed Robin
  2484 | D:3      | Reached skill level 6 in Short Blades
  2682 | D:3      | Found a faded altar of an unknown god.
  3144 | D:3      | Found a broken altar of Ashenzari.
  3440 | D:4      | Noticed a sky beast
  3448 | D:4      | Killed a sky beast
  3449 | D:4      | Reached skill level 7 in Short Blades
  3449 | D:4      | Reached XP level 5. HP: 30/30 MP: 5/5
  3449 | D:4      | Reached XP level 6. HP: 35/35 MP: 6/6
  3608 | D:4      | Noticed a black bear
  3621 | D:4      | Reached skill level 8 in Short Blades
  3638 | D:4      | Killed a black bear
  3861 | D:4      | Noticed an ogre
  3863 | D:4      | Killed an ogre
  3864 | D:4      | Reached skill level 9 in Short Blades
  3864 | D:4      | Reached XP level 7. HP: 40/40 MP: 7/7
  3933 | D:4      | Found a stormy altar of Qazlal.
  3959 | D:4      | Found a white marble altar of Elyvilon.
  4073 | D:4      | Reached skill level 10 in Short Blades
  4212 | D:4      | Reached skill level 11 in Short Blades
  4212 | D:4      | Reached XP level 8. HP: 11/44 MP: 8/8
  5201 | D:3      | Slain by an orc warrior

Illustrated notes

Levels and vault maps discovered:
D:1:      saegor_arrival_simple_c, layout_basic
D:2:      layout_basic
D:3:      layout_basic, lemuel_coloured_pillars_altar, basic_ecumenical_altar,
          uniq_robin
D:4:      minmay_clustersquares, layout_loops_ring, minitemple

Skill      XL: |  1  2  3  4  5  6  7 |
---------------+----------------------+-----
Short Blades   | 3 4 5 7 9 11 | 11.6
Fighting       | |  2.1
Throwing       | |  2.1
Dodging        | |  1.2
Stealth        | |  5.3

Action                   |  1- 3 |  4- 6 |  7- 9 || total
-------------------------+-------+-------+-------++-------
Melee: Dagger            |    60 |   144 |   120 ||   324
       Punch             |       |     1 |     3 ||     4
 Stab: Sleeping          |    18 |    15 |     9 ||    42
       Distracted        |     1 |     1 |       ||     2
Armor: Robe              |     9 |    51 |    24 ||    84
Dodge: Dodged            |    19 |    90 |    50 ||   159

Table legend: (Time is in decaauts)
 A = Elapsed time spent in this place.
 B = Non-inter-level travel time spent in this place.
 C = Inter-level travel time spent in this place.
 D = Time resting spent in this place.
 E = Time spent auto-exploring this place.
 F = Levels seen in this place.
 G = Mean time per level.
                   A        B        C        D        E       F      G
               +--------+--------+--------+--------+--------+-----+--------+
         Total |   5084 |   4972 |    112 |   1347 |   3010 |   4 | 1271.0 |
       Dungeon |   5084 |   4972 |    112 |   1347 |   3010 |   4 | 1271.0 |
               +--------+--------+--------+--------+--------+-----+--------+

Top non-repeatable levels by time:
     D:4: 1539 daAuts
     D:2: 1394 daAuts
     D:3: 1276 daAuts
     D:1: 874 daAuts
